 Dungeon Sprint DCSS version 0.18.1-8-gdd0e5ea (webtiles) character file.

59 pipel the Charmwright (level 4, -2/29 HPs)
             Began as a Gargoyle Skald on May 21, 2016.
             Slain by a gnoll
             ... wielding a +0 spear
              (3 damage)
             ... in the Dungeon (Sprint IX: "|||||||||||||||||||||||||||||").
             The game lasted 00:00:23 (108 turns).

pipel the Charmwright (Gargoyle Skald)               Turns: 108, Time: 00:00:24

Health: -2/29      AC:  6    Str: 16    XL:     4   Next: 3%
Magic:  3/9        EV: 11    Int: 13    God:
Gold:   0          SH:  0    Dex:  9    Spells: 1 memorised, 8 levels left

rFire  . . .     SeeInvis .     a - +0 mace
rCold  . . .     Gourm    .     b - +0 leather armour
rNeg   + . .     Faith    .     (no shield)
rPois  ∞         Spirit   .     (no helmet)
rElec  +         Dismiss  .     (no cloak)
rCorr  .         Reflect  .     (no gloves)
SustAt .         Harm     .     (no boots)
MR     .....     NoTele   +     (no amulet)
Stlth  +.........               (no ring)
                                (no ring)

@: infused (expiring), not resistant to hostile enchantments, very unstealthy
A: negative energy resistance 1, electricity resistance, unbreathing,
petrification resistance, rot immunity, AC +3
a: no special abilities


You were in the Dungeon.
You were not hungry.

You visited 1 branch

Inventory:

Hand Weapons
 a - a +0 mace (weapon)
Armour
 b - a +0 leather armour (worn)
Scrolls
 j - a scroll of blinking
Potions
 e - a potion of curing
 g - a potion of haste
 h - 2 potions of magic
 i - a potion of berserk rage
Books
 c - a book of Battle

   Spells                             Type                      Level
   a - Infusion                       Charms                       1
   b - Shroud of Golubria             Charms/Translocation         2
   c - Song of Slaying                Charms                       2
   d - Spectral Weapon                Hexes/Charms                 3
   e - Regeneration                   Charms/Necromancy            3
Comestibles
 d - a bread ration
 k - a chunk of flesh


   Skills:
 + Level 3.7 Fighting
 + Level 3.5 Maces & Flails
 + Level 1.8 Armour
 + Level 1.6 Dodging
 + Level 3.3 Spellcasting
 + Level 5.1 Charms


You had 8 spell levels left.
You knew the following spells:

 Your Spells              Type           Power        Failure   Level  Hunger
a - Infusion              Chrm           ###.         3%          1    #......


Dungeon Overview and Level Annotations

Branches:
Dungeon (1/1)

Altars:


Innate Abilities, Weirdness & Mutations

You are resistant to torment.
Your stone body is resilient (AC +3).
You are immune to poison.
You resist negative energy.
You are resistant to electric shocks.
You can survive without breathing.
You are immune to petrification.
You are immune to rotting.


Message History

You take 2 damage, and have 14/29 hp.
You now have 4/9 mp.
You closely miss the quokka.
The quokka is severely wounded.
The quokka twitches its whiskers.
The quokka bites you but does no damage.
The gnoll hits you from afar with a spear!
* * * LOW HITPOINT WARNING * * *
The quokka closely misses you.
You take 8 damage, and have 6/29 hp.
MASSIVE DAMAGE!!
You hit the quokka.
The quokka is almost dead.
The gnoll hits you from afar with a spear.
* * * LOW HITPOINT WARNING * * *
The quokka misses you.
You take 5 damage, and have 1/29 hp.
You hit the quokka.
You kill the quokka!
The gnoll hits you but does no damage.
The gnoll hits you from afar with a spear.
You die... ▓▓▓▓▓▓▓▓▓▓▓▓▓▓▓▓▓▓ ▓<...†)...@†ghl..+ ▓▓▓▓▓▓▓▓▓▓▓▓▓▓▓▓▓▓

You could see a hound, a gnoll and a giant newt.

Vanquished Creatures
  A scorpion (D)
  A dart slug (D)
  2 goblins (D)
  A hobgoblin (D)
  A quokka (D)
  A giant newt (D)
7 creatures vanquished.

Notes
Turn   | Place    | Note
--------------------------------------------------------------
     0 | D        | pipel the Gargoyle Skald began the quest for the Orb.
     0 | D        | Reached XP level 1. HP: 12/12 MP: 3/3
     4 | D        | Reached skill level 3 in Charms
    23 | D        | Reached skill level 1 in Dodging
    23 | D        | Reached XP level 2. HP: 14/18 MP: 5/5
    90 | D        | Noticed a scorpion
   102 | D        | Killed a scorpion
   102 | D        | Reached skill level 5 in Charms
   102 | D        | Reached XP level 3. HP: 3/24 MP: 4/7
   102 | D        | Reached XP level 4. HP: 4/29 MP: 5/9
   107 | D        | HP: 1/29 [gnoll/spear (5)]
   108 | D        | Slain by a gnoll

Skill      XL: |  1  2 |
---------------+-------+-----
Charms         | 3 5 |  5.1
Dodging        | 1 |  1.6
Fighting       | 3 |  3.7
Maces & Flails | 3 |  3.5
Spellcasting   | 3 |  3.3
Armour         | |  1.8

Action                   |  1- 3 |  4- 6 || total
-------------------------+-------+-------++-------
Melee: Mace              |    31 |     5 ||    36
 Cast: Infusion          |     1 |       ||     1
  Use: Potion            |       |     1 ||     1
Armor: Leather armour    |     6 |     5 ||    11
Dodge: Dodged            |    18 |     4 ||    22
